 Seeded DCSS version 0.25-a0-435-g4b9beb1 (webtiles) character file.

Game seed: 4037872804680729407, levelgen mode: deterministic

2085 Buxparty the Carver (level 9, -1/65 HPs)
             Began as a Vampire Chaos Knight on Jan 28, 2020.
             Was a Plaything of Xom.
             Shot with an arrow by a centaur (8 damage)
             ... on level 8 of the Dungeon.
             The game lasted 00:30:48 (6622 turns).

Buxparty the Carver (Vampire Chaos Knight)          Turns: 6622, Time: 00:30:49

Health: -1/65      AC:  6    Str: 14    XL:     9   Next: 6%
Magic:  10/10      EV: 15    Int: 15    God:    Xom [.....*]
Gold:   467        SH:  0    Dex: 13    Spells: 8/8 levels left

rFire    + + .     SeeInvis +   a - +0 falchion (chaos)
rCold    + . .     Gourm    .   (no shield)
rNeg     . . .     Faith    .   b - +3 leather armour
rPois    +         Spirit   .   (helmet restricted)
rElec    .         Reflect  .   i - scarf {rC+ rF+}
rCorr    .         Harm     .   (no gloves)
MR       .....     Clarity  +   (no boots)
Stlth    +.........             (no amulet)
HPRegen  0.40/turn              (no ring)
MPRegen  0.12/turn              (no ring)

@: regenerating quickly
A: no food, antennae 1, claws 1, fangs 3, talons 1, see invisible, blink,
clarity, fire resistance 1, poison resistance, wild magic 1, unbreathing
a: Exsanguinate, Blink, Renounce Religion


You were on level 8 of the Dungeon.
You worshipped Xom.
You were Xom's teddy bear.
You were alive.

You visited 2 branches of the dungeon, and saw 9 of its levels.

You collected 467 gold pieces.

Inventory:

Hand Weapons
 a - a +0 falchion of chaos (weapon)
 f - a +2 vampiric glaive
 q - a +1 hunting sling
Missiles
 j - 56 poisoned darts (quivered)
 A - 5 boomerangs
 D - 11 curare-tipped darts
 G - 5 boomerangs of dispersal
Armour
 b - a +3 leather armour (worn)
 i - a scarf of resistance (worn)
Magical Staves
 B - an uncursed staff of energy
Jewellery
 F - an uncursed amulet of magic regeneration
Wands
 s - a wand of acid (14)
 t - a wand of enslavement (5)
Scrolls
 d - 2 scrolls of identify
 h - a scroll of enchant armour
 m - 6 scrolls of teleportation
 p - a scroll of immolation {unknown}
 u - a scroll of torment {unknown}
 v - 2 scrolls of amnesia {unknown}
 w - a scroll of fear {unknown}
 x - 6 scrolls of remove curse
 y - 2 scrolls of magic mapping {unknown}
 C - a scroll of fog
Potions
 c - a potion of flight
 e - a potion of haste
 g - a potion of brilliance {unknown}
 k - 3 potions of curing
 l - a potion of agility
 n - a potion of invisibility {unknown}
 o - a potion of lignification {unknown}
 r - 2 potions of degeneration {unknown}
 z - 2 potions of heal wounds {unknown}
 E - a potion of cancellation {unknown}


   Skills:
 + Level 4.1 Fighting
 * Level 8.0 Long Blades
 + Level 2.6 Throwing
 + Level 4.2 Armour
 + Level 6.1 Dodging
 + Level 2.3 Evocations


You had 8 spell levels left.
You didn't know any spells.
Your spell library was empty.

Dungeon Overview and Level Annotations

Branches:
Dungeon (8/15)             Temple (1/1) D:4
   Lair: D:8-11

Altars:
Ashenzari
Dithmenos
Elyvilon
Wu Jian
Xom
The Shining One


Innate Abilities, Weirdness & Mutations

You do not eat.
Your natural rate of healing is unusually fast.
You have razor-sharp teeth.
You have supernaturally acute eyesight. (SInv)
You can survive without breathing.
You have a pair of small antennae on your head.
You have sharp fingernails.
You have sharp toenails.
You can translocate small distances at will.
You possess an exceptional clarity of mind.
Your flesh is heat resistant. (rF+)
Your system is resistant to poisons. (rPois)
Your spells are a little harder to cast, but a little more powerful.


Message History

The centaur is almost dead.
The centaur completely misses you. The orc closely misses you.
You barely miss the centaur. You claw the centaur, but do no damage.
You bite the centaur, but do no damage.
The centaur is almost dead.
The centaur hits you. x2
The centaur wields a +0 shortbow.
The centaur shoots an arrow.
The arrow hits you!
The centaur shoots an arrow.
The arrow hits you.
A hound comes into view.
The hound barks!
You see here an arrow.
The centaur shoots an arrow.
The arrow hits you!
* * * LOW HITPOINT WARNING * * *
The centaur shoots an arrow.
The arrow hits you.
* * * LOW HITPOINT WARNING * * *
The orc hits you with a +4 trident.
* * * LOW HITPOINT WARNING * * *
The centaur shoots an arrow.
The arrow hits you!
You die...

## >.####. #
......c#### .#
....hZ....######.###
....#...#@..........
. ###.o..(#.......
#####.........
##)###### # #)#
#..##### #.####
#.....###....###.
#######......#(....
.......<.<.........


You could see a centaur, a hound, an orc and a quokka skeleton.

Vanquished Creatures
  A black bear (D:6)
  A sky beast (D:6)
  A necrophage (D:6)
  An ogre (D:5)
  A big kobold (D:8)
  A bullfrog (D:6)
  2 wyvern skeletons
  2 scorpions (D:5)
  4 killer bees
  A howler monkey (D:4)
  A crimson imp (D:6)
  A bullfrog zombie (D:5)
  2 hounds
  6 orc priests
  A gnoll shaman (D:7)
  4 bullfrog skeletons
  2 iguanas
  2 orc wizards
  10 worker ants
  2 worker ant zombies
  7 gnolls
  2 howler monkey skeletons
  6 adders
  2 shadow imps
  An ooze (D:6)
  3 worms
  3 dart slugs
  3 leopard geckos
  33 orcs
  9 bats
  4 giant cockroaches
  3 goblins
  3 hobgoblins
  10 jackals
  2 quokkas (D:2)
  A ball python (D:1)
  5 frilled lizards
  A jackal skeleton (D:7)
  8 kobolds
  A quokka skeleton (D:6)
  2 rats
155 creatures vanquished.

Vanquished Creatures (collateral kills)
  An orc warrior (D:5)
  An orc wizard (D:5)
  A gnoll (D:7)
  2 orcs (D:5)
5 creatures vanquished.

Grand Total: 160 creatures vanquished

Notes
Turn   | Place    | Note
-------+----------+-------------------------------------------
     0 | D:1      | Buxparty the Vampire Chaos Knight began the quest for the
                  | Orb.
     0 | D:1      | Reached XP level 1. HP: 17/17 MP: 1/1
    95 | D:1      | Reached skill level 1 in Armour
   158 | D:1      | Reached XP level 2. HP: 21/23 MP: 2/2
   203 | D:1      | XOM: mild Tloc miscast
   211 | D:1      | XOM: harmless Tmut miscast
   433 | D:1      | XOM: silly message
   630 | D:1      | XOM: silly message
   656 | D:2      | XOM: stat loss: -1 Str (10/11)
   809 | D:2      | XOM: polymorph hobgoblin -> frilled lizard
   818 | D:2      | Reached XP level 3. HP: 27/28 MP: 3/3
   928 | D:2      | Found a shattered altar of Ashenzari.
  1057 | D:2      | Reached skill level 4 in Long Blades
  1108 | D:2      | XOM: give mutations
  1108 | D:2      | Gained mutation: You are somewhat resistant to further
                  | mutation. [Xom's grace]
  1108 | D:2      | Gained mutation: You possess an exceptional clarity of
                  | mind. [Xom's grace]
  1108 | D:2      | Gained mutation: You have sharp fingernails. [Xom's grace]
  1313 | D:2      | Found a glowing golden altar of the Shining One.
  1412 | D:2      | XOM: give mutations
  1412 | D:2      | Gained mutation: You have a pair of small antennae on your
                  | head. [Xom's grace]
  1412 | D:2      | Gained mutation: Your spells are a little harder to cast,
                  | but a little more powerful. [Xom's grace]
  1412 | D:2      | Lost mutation: You are somewhat resistant to further
                  | mutation. [Xom's grace]
  1412 | D:2      | Gained mutation: You evolve. [Xom's grace]
  1431 | D:2      | XOM: scenery: create altars
  1451 | D:2      | XOM: scenery: create altars
  1466 | D:3      | Reached XP level 4. HP: 22/34 MP: 4/4
  1743 | D:3      | HP: 1/34 [orc/+0 flail (7)]
  1746 | D:3      | Reached XP level 5. HP: 1/39 MP: 5/5
  1959 | D:3      | XOM: confuse monster(s)
  2265 | D:4      | Found a staircase to the Ecumenical Temple.
  2292 | D:3      | Reached skill level 5 in Long Blades
  2408 | D:4      | Noticed a shapeshifter
  2408 | D:4      | an orc wizard changed into a shapeshifter
  2408 | D:4      | Noticed an orb spider
  2408 | D:4      | a shapeshifter changed into an orb spider
  2413 | Temple   | Entered the Ecumenical Temple
  2559 | D:4      | Reached XP level 6. HP: 46/46 MP: 6/6
  2585 | D:4      | XOM: harmless Tloc miscast
  2683 | D:4      | Lost mutation: You evolve. [end of evolution]
  2724 | D:5      | Entered Level 5 of the Dungeon
  2782 | D:5      | XOM: harmless Pois miscast
  2792 | D:5      | XOM: smoke on damage
  2891 | D:4      | Noticed a glowing shapeshifter
  2891 | D:4      | a dart slug changed into a glowing shapeshifter
  2891 | D:4      | Noticed a merfolk
  2891 | D:4      | a glowing shapeshifter changed into a merfolk
  2894 | D:4      | Noticed a mana viper
  2894 | D:4      | a merfolk changed into a mana viper
  2902 | D:4      | Noticed a wind drake
  2902 | D:4      | a mana viper changed into a wind drake
  2909 | D:4      | Noticed a mana viper
  2909 | D:4      | a wind drake changed into a mana viper
  2918 | D:4      | Noticed a meliai
  2926 | D:4      | Noticed a tarantella
  2926 | D:4      | a meliai changed into a tarantella
  2928 | D:4      | Noticed a yaktaur
  2928 | D:4      | a tarantella changed into a yaktaur
  2931 | D:4      | a yaktaur changed into an eye of draining
  2932 | D:4      | Noticed a polar bear
  2932 | D:4      | an eye of draining changed into a polar bear
  3080 | D:5      | XOM: divination: detect items
  3195 | D:5      | XOM: confuse monster(s)
  3197 | D:5      | Reached skill level 6 in Long Blades
  3197 | D:5      | Reached XP level 7. HP: 15/51 MP: 7/7
  3468 | D:5      | XOM: noise
  3510 | D:5      | XOM: mild Tmut miscast
  3549 | D:5      | XOM: medium Necr miscast
  3762 | D:5      | XOM: 8-stop teleportation journey
  3794 | D:5      | Found a white marble altar of Elyvilon.
  3942 | D:5      | XOM: cast spell 'Summon Dragon'
  4355 | D:4      | XOM: silly message
  4446 | D:4      | XOM: harmless Tmut miscast
  4556 | D:4      | Reached skill level 5 in Dodging
  4609 | D:4      | XOM: harmless Tloc miscast
  4610 | D:4      | Reached skill level 1 in Throwing
  4643 | D:4      | Noticed a redback
  4905 | D:6      | XOM: god gift: twisted smoking staff {god gift}
  4919 | D:6      | Found a shadowy altar of Dithmenos.
  4972 | D:6      | Reached XP level 8. HP: 58/58 MP: 8/8
  5034 | D:6      | Reached skill level 7 in Long Blades
  5351 | D:6      | Reached skill level 1 in Evocations
  5445 | D:6      | XOM: give mutations
  5445 | D:6      | Gained mutation: You can translocate small distances at
                  | will. [Xom's grace]
  5445 | D:6      | Gained mutation: You have sharp toenails. [Xom's grace]
  5445 | D:6      | Gained mutation: Your flesh is heat resistant. (rF+) [Xom's
                  | grace]
  5445 | D:6      | Gained mutation: Your system is resistant to poisons.
                  | (rPois) [Xom's grace]
  5535 | D:7      | XOM: enchant monster (good)
  5630 | D:6      | XOM: enchant monster (good)
  5857 | D:7      | Found a shimmering altar of Xom.
  5905 | D:7      | XOM: mild Pois miscast
  5922 | D:7      | XOM: smoke on damage
  5928 | D:7      | XOM: potion effect (heal wounds)
  5933 | D:7      | XOM: divination: detect items
  6029 | D:7      | XOM: potion effect (agility)
  6142 | D:7      | XOM: divination: detect items
  6458 | D:7      | Found an ornate altar of the Wu Jian Council.
  6467 | D:7      | XOM: cleaving
  6544 | D:7      | XOM: mild Hex miscast
  6575 | D:8      | Reached XP level 9. HP: 64/65 MP: 10/10
  6589 | D:8      | Reached skill level 8 in Long Blades
  6622 | D:8      | Shot with an arrow by a centaur

Levels and vault maps discovered:
D:1:      minmay_arrival_loop, layout_loops_ring, minmay_pentomino_u4
D:2:      layout_loops_ring, nicolae_ashenzari_panopticon,
          nicolae_tso_swordbearing_angel, minmay_misc_feat_encased
D:3:      layout_loops_cross
D:4:      layout_basic, gammafunk_temple_overflow_elements,
          minmay_temple_entry_grid
D:5:      kennysheep_spiral_hall, layout_basic, lemuel_doored_altar,
          first_ration
D:6:      layout_loops_cross, grunt_dithmenos_smoke, minmay_parallelograms
D:7:      layout_basic, lemuel_round_altar, kennysheep_little_box
D:8:      layout_rooms, nicolae_overflow_crystal_walls
Temple:   oiseaux_autumnal_temple

Skill      XL: |  1  2  3  4  5  6  7  8  9 |
---------------+----------------------------+-----
Armour         | 1 2 3 4 |  4.2
Long Blades    | 4 5 6 7 8 |  8.0
Dodging        | 3 4 5 6 |  6.1
Fighting       | 3 4 |  4.1
Throwing       | 1 2 |  2.6
Evocations     | 2 |  2.3

Action                   |  1- 3 |  4- 6 |  7- 9 || total
-------------------------+-------+-------+-------++-------
Melee: Falchion          |    99 |   142 |   280 ||   521
       Bite              |     9 |    19 |    39 ||    67
       Kick              |       |       |    44 ||    44
Throw: Dart              |       |       |     4 ||     4
  Use: Potion            |       |     1 |     4 ||     5
       Scroll            |       |       |     6 ||     6
 Stab: Paralysed         |     3 |     4 |     6 ||    13
       Sleeping          |     1 |       |       ||     1
       Confused          |       |     1 |     1 ||     2
       Petrifying        |       |       |     1 ||     1
Armor: Leather armour    |    37 |    29 |    63 ||   129
Dodge: Dodged            |    71 |   116 |   251 ||   438
       Rpst.: Falchion   |    23 |    34 |    67 ||   124

Table legend:
 A = Non-vault XP
 B = Vault XP
 C = Vault XP percentage of total XP
 D = Non-vault monster count
 E = Vault monster count
 F = Vault count percentage of total count
                 A         B        C        D         E       F
            +---------+---------+-------+---------+---------+-------
      Total |    2825 |     154 |   5.2 |     157 |       3 |   1.9
            +---------+---------+-------+---------+---------+-------
        D:1 |      21 |       0 |   0.0 |       9 |       0 |   0.0
        D:2 |      70 |       0 |   0.0 |      22 |       0 |   0.0
        D:3 |     248 |       0 |   0.0 |      25 |       0 |   0.0
        D:4 |     231 |       0 |   0.0 |      16 |       0 |   0.0
        D:5 |     454 |     154 |  25.3 |      21 |       3 |  12.5
        D:6 |    1040 |       0 |   0.0 |      33 |       0 |   0.0
        D:7 |     556 |       0 |   0.0 |      26 |       0 |   0.0
        D:8 |     205 |       0 |   0.0 |       5 |       0 |   0.0
            +---------+---------+-------+---------+---------+-------
